 Dungeon Crawl Stone Soup version 0.30.1-3-gfc49f6343a (webtiles) character file.

Game seed: 14363662377267431538

394 spardeous the Firebug (level 6, -7/45 HPs)
             Began as a Demigod Fire Elementalist on July 27, 2023.
             Mangled by Edmund
             ... wielding a +1 flail of protection
              (10 damage)
             ... on level 4 of the Dungeon.
             The game lasted 00:06:28 (6669 turns).

spardeous the Firebug (Demigod Fire Elementalist)   Turns: 6669, Time: 00:06:28

Health: -7/45      AC:  4    Str:  9    XL:     6   Next: 26%
Magic:  1/13       EV: 11    Int: 25    God:
Gold:   180        SH:  0    Dex: 14    Spells: 4/10 levels left

rFire   + . .        x - +6 lajatang "Bylu" {pain, rF+}
rCold   . . .        (shield currently unavailable)
rNeg    . . .        y - +0 leather armour
rPois   .            (no helmet)
rElec   .            (no cloak)
rCorr   .            (no gloves)
SInv    .            z - +0 pair of boots
Will    .....        k - amulet of the acrobat
Stlth   ++           (no ring)
HPRegen 0.27/turn    (no ring)
MPRegen 0.13/turn

%: acrobat
@: no status effects
A: high MP 1, forlorn, divine attributes
a: no special abilities


You were on level 4 of the Dungeon.
You visited 1 branch of the dungeon, and saw 4 of its levels.
You also visited: Sewer.

You collected 180 gold pieces.

Inventory:

Hand Weapons
 x - the +6 lajatang "Bylu" (weapon) {pain, rF+}
   (You found it in a sewer)

   rF:        It protects you from fire.
Armour
 y - a +0 leather armour (worn)
 z - a +0 pair of boots (worn)
Jewellery
 k - an amulet of the acrobat (around neck)
Wands
 a - a wand of flame (31)
Scrolls
 c - a scroll of summoning {unknown}
 e - 3 scrolls of enchant weapon {unknown}
 g - 3 scrolls of blinking
 h - 6 scrolls of identify {unknown}
 i - a scroll of fear {unknown}
 j - 3 scrolls of teleportation {unknown}
 l - 3 scrolls of amnesia {unknown}
 m - a scroll of brand weapon {unknown}
 o - a scroll of fog {unknown}
 r - a scroll of torment {unknown}
 s - 2 scrolls of enchant armour {unknown}
 v - a scroll of vulnerability {unknown}
Potions
 b - a potion of magic
 d - 2 potions of curing {unknown}
 f - a potion of might {unknown}
 n - a potion of resistance {unknown}
 p - 2 potions of ambrosia {unknown}
 q - a potion of invisibility {unknown}
 t - a potion of degeneration {unknown}
 u - a potion of berserk rage {unknown}
 w - 2 potions of flight {unknown}
 A - a potion of brilliance {unknown}


   Skills:
 - Level 1.7 Dodging
 - Level 1.7 Stealth
 + Level 2.6 Spellcasting
 - Level 0.8 Conjurations
 - Level 3.0 Translocations
 - Level 5.4 Fire Magic


You had 4 spell levels left.
You knew the following spells:

 Your Spells              Type           Power      Damage    Failure   Level
a - Foxfire               Conj/Fire      76%        2x1d7     4%          1
b - Volatile Blastmotes   Fire/Tloc      48%        2d14      8%          3
c - Scorch                Fire           60%        2d7       2%          2

Your spell library contained the following spells:

 Spells                   Type           Power      Damage    Failure   Level
 Inner Flame              Hex/Fire       16%        N/A       14%         3
 Flame Wave               Conj/Fire      19%        2d7       38%         4


Dungeon Overview and Level Annotations

Branches:
Dungeon (4/15)              Sewer (visited)
 Temple: D:4-7

Shops:
D:1 (

Annotations:
D:2 1 runed translucent door, Crazy Yiuf
D:4 Edmund


Innate Abilities, Weirdness & Mutations

You have an increased reservoir of magic. (+10% MP)
You shall have no god before yourself.
Your divine heritage dramatically boosts your attributes as you level up.


Message History

You conjure some foxfire!
Edmund closely misses you.
Your magical contamination has completely faded away.
Edmund completely misses you.
Your foxfire dissipates!
Edmund attacks as you move away! Edmund barely misses you.
You now have 1/13 mp.
Edmund is nearby!
Casting: Foxfire (safe; 4% risk of failure)
Confirm with . or Enter, or press ? or * to list all spells.
You miscast Foxfire.
You are very lightly contaminated with residual magic.
Nothing appears to happen.
Edmund hits you with a +1 flail of protection!
* * * LOW HITPOINT WARNING * * *
You take 7 damage, and have 6/45 hp.
Edmund is nearby!
Casting: Foxfire (safe; 4% risk of failure)
Confirm with . or Enter, or press ? or * to list all spells.
You conjure some foxfire!
Edmund barely misses you. Edmund misses you.
You now have 0/13 mp.
Your foxfire dissipates!
Edmund attacks as you move away! Edmund closely misses you.
Edmund is nearby!
Casting: Foxfire (safe; 4% risk of failure)
Confirm with . or Enter, or press ? or * to list all spells.
You don't have enough magic to cast this spell.
Edmund attacks as you move away! Edmund completely misses you.
Edmund attacks as you move away! Edmund completely misses you.
Your magical contamination has completely faded away.
You barely miss Edmund.
Edmund is almost dead.
Edmund misses you.
Edmund hits you with a +1 flail of protection.
* * * LOW HITPOINT WARNING * * *
You take 4 damage, and have 3/45 hp.
You hit Edmund but do no damage.
Edmund is almost dead.
Edmund hits you with a +1 flail of protection!
You die...

#.?....#.# .
#.# #......#.#
# #.#
#......#[####
#.#
#####........
#.# #.##.....
#.# #.##..###
#.# #.##..# #.#
#.##... #@#
#.##.### #@#
#.##.#
#.########.##.#
#..........##.
############


You could see Edmund.

Vanquished Creatures
  A bullfrog (Sewer)
  An orc priest (D:3)
  An iguana (D:4)
  Natasha (thrice) (D:2)
  A river rat (D:4)
  3 adders
  3 shadow imps (D:3)
  3 worms
  4 orcs
  22 ball pythons
  6 bats
  12 endoplasms
  9 giant cockroaches
  12 goblins
  2 hobgoblins
  4 jackals (D:3)
  5 kobolds
  17 quokkas
  7 frilled lizards
  5 rats
121 creatures vanquished.

Vanquished Creatures (collateral kills)
  15 foxfires (D:3)
15 creatures vanquished.

Vanquished Creatures (others)
  714 foxfires
714 creatures vanquished.

Grand Total: 850 creatures vanquished

Notes
Turn   | Place    | Note
-------+----------+-------------------------------------------
     0 | D:1      | spardeous the Demigod Fire Elementalist began the quest for
                  | the Orb.
     0 | D:1      | Reached XP level 1. HP: 14/14 MP: 5/5
   241 | D:1      | Reached skill level 3 in Fire Magic
   396 | D:1      | Reached XP level 2. HP: 20/20 MP: 2/7
   769 | D:1      | Found Saemuq's Antique Weapon Boutique.
  1356 | D:1      | Reached XP level 3. HP: 26/26 MP: 4/8
  1509 | D:2      | Reached skill level 4 in Fire Magic
  1522 | D:2      | Noticed Natasha
  1526 | D:2      | Killed Natasha
  1710 | D:2      | Noticed Natasha
  1718 | D:2      | Killed Natasha
  1719 | D:2      | Reached XP level 4. HP: 33/33 MP: 4/9
  1865 | D:2      | Noticed Natasha
  1870 | D:2      | Killed Natasha
  1871 | D:2      | Reached skill level 5 in Fire Magic
  1996 | D:2      | Found a runed translucent door.
  2006 | D:2      | Noticed Crazy Yiuf
  3390 | D:3      | Found a transporter.
  4305 | D:3      | Found a transporter.
  4891 | D:4      | Learned a level 3 spell: Volatile Blastmotes
  4955 | D:4      | Reached XP level 5. HP: 29/38 MP: 4/10
  4978 | D:4      | Found a glowing drain.
  5094 | Sewer    | Entered a sewer
  5129 | Sewer    | Reached skill level 1 in Translocations
  5775 | Sewer    | Identified the +6 lajatang "Bylu" {pain, rF+}
  5983 | D:3      | Learned a level 2 spell: Scorch
  6014 | D:3      | HP: 1/38 [shadow imp/nerve-wracking pain (11)]
  6173 | D:3      | Reached XP level 6. HP: 45/45 MP: 4/12
  6615 | D:4      | Noticed Edmund
  6669 | D:4      | Mangled by Edmund

Illustrated notes

Levels and vault maps discovered:
D:1:      erik_arrival_blinker_ship, layout_loops_corners, serial_shops, shop,
          minmay_misc_feat_columns, minmay_misc_feat_hallway
D:2:      layout_rooms, uniq_natasha, uniq_crazy_yiuf_cottage
D:3:      gammafunk_wand_slinger, layout_basic, cheibriados_altar_1,
          ebering_ecumenical_altar_hall, columned_hall_lemuel
D:4:      layout_basic, portal_sewer_entry_b, eino_tiny_chamber, uniq_duvessa,
          uniq_edmund

Skill      XL: |  1  2  3  4  5 |
---------------+----------------+-----
Fire Magic     | 3 4 5 |  5.4
Translocations | 3 |  3.0
Spellcasting   | 2 |  2.6
Dodging        | |  1.7
Stealth        | |  1.7
Conjurations   | |  0.8

Action                     |  1- 3 |  4- 6 || total
---------------------------+-------+-------++-------
  Melee: Unarmed           |     1 |     1 ||     2
         Lajatang          |       |     6 ||     6
   Cast: Foxfire           |    89 |   344 ||   433
         Volatile Blastmot |       |     2 ||     2
 Armour: Robe              |     7 |    11 ||    18
         Leather armour    |       |     2 ||     2
  Dodge: Dodged            |     7 |    78 ||    85
